 Dungeon Crawl Stone Soup version 0.29-a0-323-g050149af67 (webtiles) character file.

Game seed: 17625755681593098605

12195 Essalna the Thaumaturge (level 12, -19/90 HPs)
             Began as a Djinni Conjurer on Apr 11, 2022.
             Was a Priest of Makhleb.
             Killed from afar by Lodul (29 damage)
             ... with a bolt of lightning
             ... on level 10 of the Dungeon on Apr 12, 2022.
             The game lasted 00:36:02 (17070 turns).

Essalna the Thaumaturge (Djinni Conjurer)          Turns: 17070, Time: 00:36:03

Health: -19/90     AC:  2    Str:  6    XL:     12   Next: 17%
Gold:   891        EV: 15    Int: 25    God:    Makhleb [***...] SH:  6 Dex: 12

rFire   + + .      SeeInvis +   g - +2 spear (venom)
rCold   x . .      Faith    .   r - +1 buckler
rNeg    . . .      Spirit   .   a - +0 robe
rPois   ∞          Reflect  .   F - +0 hat {SInv}
rElec   .          Harm     .   (no cloak)
rCorr   .          Rampage  .   (no gloves)
Will    +....                   (boots unavailable)
Stlth   ++........              (no amulet)
HPRegen 0.25/turn               (no ring)
MPRegen 0.00/turn               (no ring)

@: flying, studying Spellcasting
A: sickness immunity, fire resistance 2, cold vulnerability 1, float, innate
caster, HP casting, extra vitality 1
a: Renounce Religion, Minor Destruction, Lesser Servant of Makhleb


You were on level 10 of the Dungeon.
You worshipped Makhleb.
Makhleb was most pleased with you.
You visited 2 branches of the dungeon, and saw 11 of its levels.
You also visited: Sewer.

You collected 1585 gold pieces.
You spent 694 gold pieces at shops.

Inventory:

Hand Weapons
 g - a +2 spear of venom (weapon)
Armour
 a - a +0 robe (worn)
 r - a +1 buckler (worn)
 F - a +0 hat of see invisible (worn)
Jewellery
 f - a ring of ice
 k - a +4 ring of protection
 A - a +4 ring of slaying
 C - a ring of fire
Wands
 x - a wand of paralysis (9)
 E - a wand of flame (15)
Scrolls
 c - 2 scrolls of enchant armour
 e - 19 scrolls of identify {unknown}
 i - 3 scrolls of silence
 m - 2 scrolls of holy word {unknown}
 o - 4 scrolls of teleportation {unknown}
 t - 2 scrolls of enchant weapon
 w - a scroll of immolation {unknown}
 y - a scroll of brand weapon {unknown}
 z - 2 scrolls of magic mapping
 D - a scroll of torment {unknown}
Potions
 b - 3 potions of mutation {unknown}
 d - 6 potions of flight {unknown}
 h - 2 potions of degeneration {unknown}
 l - 2 potions of haste {unknown}
 n - a potion of lignification {unknown}
 p - 3 potions of cancellation {unknown}
 q - 3 potions of brilliance {unknown}
 s - 3 potions of berserk rage {unknown}
 u - a potion of ambrosia {unknown}
 v - 2 potions of heal wounds
 B - 2 potions of resistance {unknown}


   Skills:
 + Level 9.5 Fighting
 - Level 8.0 Armour
 - Level 9.0 Dodging
 - Level 1.5 Stealth
 - Level 4.0 Shields
 + Level 10.5 Spellcasting


You had 5 spell levels left.
You knew the following spells:

 Your Spells              Type           Power      Damage    Failure   Level
a - Magic Dart            Conj           100%       1d8       1%          1
b - Searing Ray           Conj           100%       2d8       1%          2
c - Dazzling Flash        Conj/Hex       100%       N/A       1%          3
d - Fulminant Prism       Conj/Hex       30%        3d16      1%          4
e - Iskenderun's Mystic   Conj/Tloc      60%        2d13      1%          4
f - Pain                  Necr           100%       1d9       1%          1
g - Scorch                Fire           100%       2d10      1%          2
h - Mephitic Cloud        Conj/Pois/Air  60%        N/A       1%          3
i - Ignite Poison         Fire/Tmut/Pois 60%        N/A       1%          3
j - Leda's Liquefaction   Hex/Erth       30%        N/A       1%          4
Your spell library was empty.

Dungeon Overview and Level Annotations

Branches:
Dungeon (10/15)            Temple (1/1) D:6           Sewer (visited)
   Lair: D:8-11         Orc: D:9-12

Altars:
Ashenzari
Cheibriados
Dithmenos
Fedhas
Gozag
Kikubaaqudgha
Makhleb
Okawaru
Qazlal
Sif Muna
Vehumet
Xom
Zin

Shops:
D:3 [   D:6 (   D:7 ?   D:9 !

Annotations:
D:10 Lodul


Innate Abilities, Weirdness & Mutations

You are immune to sickness and miasma.
You are immune to poison.
Your flesh is very heat resistant. (rF++)
You are vulnerable to cold. (rC-)
You float through the air rather than walking.
You learn spells naturally, not from books.
Your magical power is your life essence.
You have superior vitality. (+4 MHP)


Message History

There are monsters nearby!
Casting: Fulminant Prism (mildly dangerous; 1% risk of failure)
Confirm with . or Enter, or press ? or * to list all spells.
You erupt in a blast of force!
The mystic blast hits the two-headed ogre but does no damage.
The two-headed ogre is lightly wounded.
Casting: Iskenderun's Mystic Blast (mildly dangerous; 1% risk of failure)
Confirm with . or Enter, or press ? or * to list all spells.
You erupt in a blast of force!
The mystic blast hits the two-headed ogre!
The two-headed ogre is severely wounded.
The two-headed ogre is knocked back by the mystic blast.
The mystic blast hits the two-headed ogre.
The two-headed ogre is moderately wounded.
You hear a shout!
The two-headed ogre misses you.
The two-headed ogre hits you with a +0 giant spiked club!!
Casting: Iskenderun's Mystic Blast (mildly dangerous; 1% risk of failure)
Confirm with . or Enter, or press ? or * to list all spells.
You erupt in a blast of force!
The mystic blast hits the two-headed ogre!
The two-headed ogre is moderately wounded.
The two-headed ogre closely misses you.
The two-headed ogre hits you with a +0 giant spiked club!!
* * * LOW HITPOINT WARNING * * *
Okay, then.
Okay, then.
Okay, then.
Electricity crackles from Lodul's apparatus.
The bolt of lightning misses you.
The ground is no longer liquid beneath you.
The two-headed ogre attacks as you move away!
The two-headed ogre misses you.
The two-headed ogre hits you with a +0 giant spiked club!
* * * LOW HITPOINT WARNING * * *
The two-headed ogre attacks as you move away!
You block the two-headed ogre's attack. The two-headed ogre misses you.
Electricity crackles from Lodul's apparatus.
The bolt of lightning hits you!!
You die...

#O............................).
#.>...........................).
#.############.#.##########..)..
#.# #.#.##########..... #.#
#.#.....#....[..... #.#
####+####.##......#### #O#
#.....# #.##..##...### #O#
#.....###.##..##...... #O#
#..O.@........##.<.### #.#
#......##.##.....#.# # #.#
###......##.########.# #
#.#######OOO......#.# #.###
#.........#.....#.#.# #.#..
#........O......#.#.# #.#.#
#...............#...# #.#.#
#........#......#.... #.#.#
#........#....###.... #.#}#


You could see Lodul, 2 two-headed ogres and 2 ogres.

Vanquished Creatures
  Gastronok (D:8)
  Pikel (D:4)
  An ugly thing (D:7)
  A polar bear (D:9)
  Grinder (D:5)
  A shadow (D:9)
  A wraith (D:9)
  27 yaks
  3 humans (D:8)
  Menkaure (D:5)
  2 water moccasins
  Duvessa (D:4)
  2 acid dragons (D:10)
  Pargi (D:4)
  2 sky beasts
  A black bear (D:6)
  7 orc warriors
  3 ice beasts
  A wolf (D:9)
  5 centaurs
  2 phantoms
  3 lemures (D:4)
  2 kobold brigands
  5 bullfrogs
  2 necrophages
  2 scorpions
  2 gnoll sergeants (D:7)
  7 wights
  Dowan (D:4)
  7 howler monkeys
  5 hounds
  3 orc priests
  5 jellies
  A gnoll shaman (D:6)
  3 iguanas
  Natasha (thrice) (D:2)
  6 orc wizards
  A centaur simulacrum (D:9)
  Robin (D:4)
  17 adders
  14 gnolls
  2 shadow imps
  A howler monkey simulacrum (D:9)
  2 white imps
  2 ufetubi
  A worm (D:2)
  6 dart slugs
  37 orcs
  12 ball pythons
  5 bats
  14 endoplasms
  12 giant cockroaches
  12 hobgoblins
  4 jackals
  13 quokkas
  9 frilled lizards
  14 goblins
  7 kobolds
  5 rats
313 creatures vanquished.

Vanquished Creatures (others)
  13 fulminant prisms
  2 fungi (D:9)
  10 plants
25 creatures vanquished.

Grand Total: 338 creatures vanquished

Notes
Turn   | Place    | Note
-------+----------+-------------------------------------------
     0 | D:1      | Essalna the Djinni Conjurer began the quest for the Orb.
     0 | D:1      | Reached XP level 1. HP: 15/15 MP: 0/0
   424 | D:1      | Reached XP level 2. HP: 17/21 MP: 0/0
   694 | D:1      | Found a faded altar of an unknown god.
   887 | D:1      | Reached XP level 3. HP: 23/25 MP: 0/0
   887 | D:1      | Learned a level 1 spell: Pain
  1106 | D:1      | Reached skill level 4 in Spellcasting
  1531 | D:2      | Reached XP level 4. HP: 23/31 MP: 0/0
  1643 | D:2      | Noticed Natasha
  1652 | D:2      | Killed Natasha
  1907 | D:2      | Reached XP level 5. HP: 31/35 MP: 0/0
  1907 | D:2      | Learned a level 2 spell: Scorch
  1913 | D:2      | Noticed Natasha
  1916 | D:2      | Killed Natasha
  1985 | D:2      | Noticed Natasha
  1993 | D:2      | Killed Natasha
  1994 | D:2      | Reached skill level 5 in Spellcasting
  2401 | D:2      | Found a broken altar of Ashenzari.
  3175 | D:3      | Found Enuasso's Armour Shop.
  3533 | D:3      | Reached XP level 6. HP: 40/41 MP: 0/0
  3793 | D:4      | Reached skill level 1 in Fighting
  3793 | D:4      | Reached skill level 1 in Armour
  3858 | D:4      | Noticed Dowan
  4098 | D:4      | Noticed Pikel
  4161 | D:4      | Noticed Pargi
  4170 | D:4      | Killed Pargi
  4171 | D:4      | Reached XP level 7. HP: 36/49 MP: 0/0
  4171 | D:4      | Learned a level 3 spell: Mephitic Cloud
  4313 | D:4      | Noticed Robin
  4325 | D:4      | Killed Robin
  4431 | D:4      | Noticed Duvessa
  5081 | D:5      | Entered Level 5 of the Dungeon
  5186 | D:5      | Found a glowing drain.
  5205 | Sewer    | Entered a sewer
  5845 | Sewer    | Reached XP level 8. HP: 53/55 MP: 0/0
  5928 | Sewer    | Reached skill level 1 in Shields
  6398 | D:5      | Noticed Menkaure
  6401 | D:5      | Killed Menkaure
  6552 | D:5      | Found an iron altar of Okawaru.
  6896 | D:5      | Noticed Grinder
  6907 | D:5      | Killed Grinder
  6908 | D:5      | Reached skill level 5 in Dodging
  6908 | D:5      | Reached skill level 6 in Spellcasting
  6908 | D:5      | Reached XP level 9. HP: 20/62 MP: 0/0
  6908 | D:5      | Learned a level 3 spell: Ignite Poison
  7812 | D:4      | Identified a scroll of acquirement
  7812 | D:4      | Acquired 889 gold pieces
  7883 | D:4      | Killed Duvessa
  7888 | D:4      | Killed Dowan
  8251 | D:4      | Killed Pikel
  8252 | D:4      | Reached skill level 5 in Fighting
  8252 | D:4      | Reached skill level 5 in Armour
  8823 | D:6      | Reached XP level 10. HP: 43/70 MP: 0/0
  9037 | D:6      | Found Arphuxko's Weapon Emporium.
  9152 | D:6      | Found a staircase to the Ecumenical Temple.
  9161 | Temple   | Entered the Ecumenical Temple
  9299 | Temple   | Became a worshipper of Makhleb the Destroyer
 10241 | D:7      | Reached skill level 7 in Spellcasting
 10518 | D:7      | Reached * piety under Makhleb
 10658 | D:7      | Found Cucob's Magic Scroll Emporium.
 10666 | D:7      | Bought a scroll of acquirement for 624 gold pieces
 10666 | D:7      | Acquired a manual of Spellcasting
 10924 | D:7      | Noticed a brown ugly thing
 11639 | D:8      | You are sucked into a shaft and drop 2 floors!
 11639 | D:10     | Entered Level 10 of the Dungeon
 11847 | D:9      | Noticed a tengu warrior
 11972 | D:9      | Reached ** piety under Makhleb
 11975 | D:9      | Reached XP level 11. HP: 69/79 MP: 0/0
 11975 | D:9      | Learned a level 4 spell: Leda's Liquefaction
 11977 | D:9      | Reached skill level 8 in Spellcasting
 13134 | D:8      | Noticed Gastronok
 13650 | D:7      | Killed a brown ugly thing
 13960 | D:8      | Killed Gastronok
 13961 | D:8      | Reached skill level 9 in Spellcasting
 15130 | D:9      | HP: 3/82 [polar bear (7)]
 15512 | D:9      | Found Xason's Distillery.
 15520 | D:9      | Bought a potion of heal wounds for 70 gold pieces
 15649 | D:9      | Reached *** piety under Makhleb
 15651 | D:9      | Reached skill level 10 in Spellcasting
 15655 | D:9      | Reached XP level 12. HP: 18/89 MP: 0/0
 16741 | D:9      | Found an opulent altar of Gozag.
 17035 | D:10     | Noticed a two-headed ogre
 17038 | D:10     | Noticed a two-headed ogre
 17044 | D:10     | Noticed Lodul
 17070 | D:10     | Killed from afar by Lodul

Illustrated notes

Levels and vault maps discovered:
D:1:      roderic_octagonal_star, layout_basic,
          ebering_ecumenical_altar_abandoned
D:2:      layout_basic, basic_altar, chequers_serial_rivers_small_a,
          uniq_natasha
D:3:      minmay_evil_eye, layout_basic, serial_shops, nicolae_shop_behind_doors
D:4:      layout_cave_pools, nicolae_figureground_sparkle, uniq_robin,
          uniq_pargi, uniq_pikel, uniq_duvessa
D:5:      layout_loops_ring, okawaru_metal_pillars_1_2, gup_sewer_entry_pipe,
          kennysheep_nondescript, serial_bayou_crossing, uniq_grinder,
          uniq_menkaure
D:6:      layout_basic, minmay_temple_entry_tees, nicolae_inconvenience_store
D:7:      layout_basic, serial_shops, shop, grunt_ministairs_8
D:8:      layout_basic, st_stairs_3, minmay_ruffians, uniq_gastronok
D:9:      layout_roguey, dpeg_oklobed_lair, special_room [special_room_orc],
          serial_ice, serial_ice_l, serial_ice_d, serial_ice_f, serial_ice_g,
          serial_shops, nicolae_shop_temple_entry_statues_fountains,
          hangedman_feature_mirror
D:10:     layout_basic, uniq_lodul
Temple:   roderic_octagonal_lattice_temple

Skill      XL: |  1  2  3  4  5  6  7  8  9 10 11 |
---------------+----------------------------------+-----
Spellcasting   | 4 5 6 7 10 | 10.5
Fighting       | 2 4 5 7 9 |  9.5
Armour         | 2 4 5 7 8 |  8.0
Dodging        | 3 4 5 6 8 9 |  9.0
Shields        | 2 4 |  4.0
Stealth        | |  1.5

Action                   |  1- 3 |  4- 6 |  7- 9 | 10-12 || total
-------------------------+-------+-------+-------+-------++-------
Melee: Unarmed           |     1 |       |       |       ||     1
       Spear             |       |       |     9 |    26 ||    35
 Cast: Magic Dart        |    59 |    93 |   186 |   210 ||   548
       Searing Ray       |     1 |       |    15 |    35 ||    51
       Scorch            |       |    13 |    28 |    58 ||    99
       Iskenderun's Myst |       |     2 |    12 |    55 ||    69
       Mephitic Cloud    |       |       |     2 |       ||     2
       Fulminant Prism   |       |       |     3 |    10 ||    13
       Leda's Liquefacti |       |       |       |     3 ||     3
Evoke: Wand              |       |       |       |     1 ||     1
  Use: Scroll            |       |       |     6 |     2 ||     8
       Potion            |       |       |       |     1 ||     1
 Stab: Sleeping          |       |       |       |     1 ||     1
Armor: Robe              |     1 |     1 |     4 |    12 ||    18
Dodge: Dodged            |     7 |     5 |    21 |    88 ||   121
Block: Buckler           |       |       |    13 |    36 ||    49

Table legend: (Time is in decaauts)
 A = Elapsed time spent in this place.
 B = Non-inter-level travel time spent in this place.
 C = Inter-level travel time spent in this place.
 D = Time resting spent in this place.
 E = Time spent auto-exploring this place.
 F = Levels seen in this place.
 G = Mean time per level.
                   A        B        C        D        E       F      G
               +--------+--------+--------+--------+--------+-----+--------+
         Total |  17099 |  16374 |    725 |    707 |  13791 |  12 | 1424.9 |
       Dungeon |  16038 |  15340 |    698 |    707 |  12892 |  10 | 1603.8 |
        Temple |    162 |    135 |     27 |      0 |    122 |   1 |  162.0 |
         Sewer |    898 |    898 |      0 |      0 |    777 |   1 |  898.0 |
               +--------+--------+--------+--------+--------+-----+--------+

Top non-repeatable levels by time:
     D:8: 2705 daAuts
     D:5: 1865 daAuts
     D:3: 1746 daAuts
     D:9: 1545 daAuts
     D:7: 1524 daAuts
     D:2: 1522 daAuts
     D:1: 1433 daAuts
     D:6: 1422 daAuts
     D:4: 1194 daAuts
    D:10: 1078 daAuts
   Sewer: 898 daAuts
  Temple: 162 daAuts
